 Dungeon Crawl Stone Soup version 0.30-a0-782-ge64f9170bb (webtiles) character file.

Game seed: 13936474625624432908

231191 Moufas the Executioner (level 18, -4/190 HPs)
             Began as a Minotaur Gladiator on Feb 24, 2023.
             Was an Initiate of the Shining One.
             Shot with an arrow by a deep elf master archer (12 damage)
             ... created by the fury of Okawaru
             ... on level 1 of the Depths.
             The game lasted 01:38:40 (34178 turns).

Moufas the Executioner (Minotaur Gladiator)        Turns: 34178, Time: 01:38:41

Health: -4/190     AC: 30    Str: 49    XL:     18   Next: 78%
Magic:  14/15      EV: 15    Int: 11    God:    the Shining One [......]
Gold:   3493       SH:  0    Dex: 17    Spells: 17/17 levels left

rFire   + . .      SeeInvis .    s - +8 broad axe of Joyful Slaughter {heavy, rElec Str+5}
rCold   + . .      Faith    .    (no shield)
rNeg    + . .      Spirit   .    g - +5 chain mail of Wu Jian's Displeasure {rF+ rCorr Str+5}
rPois   +          Reflect  .    J - +2 hat
rElec   +          Harm     .    o - +2 cloak "Deyz Oga" {rCorr Str+3}
rCorr   +          Rampage  .    p - +2 pair of gloves of the Bagpipe {rElec rN+ MP-9}
Will    +....      Rage     3%   y - +1 pair of boots of Suerchet {Dex+3 Slay+3} Stlth
                                 f - amulet "Zinezoph" {Acrobat Drain rPois Str+8}
HPRegen 0.51/turn                F - ring of protection from cold
MPRegen 0.14/turn                Q - ring "Noafanwu" {Fly Str+3 Int+6}

@: flying, glowing, studying Stealth
A: horns 2, retaliatory headbutt, berserk 1, no potion heal 1
}: 1/15 runes: serpentine
a: Renounce Religion


You were on level 1 of the Depths.
You worshipped the Shining One.
The Shining One was noncommittal.
You visited 7 branches of the dungeon, and saw 31 of its levels.
You visited the Abyss 2 times.
You also visited: Ossuary, Bailey, Gauntlet and Ice Cave.

You collected 3729 gold pieces.
You spent 236 gold pieces at shops.

Inventory:

Hand Weapons
 s - the +8 broad axe of Joyful Slaughter (weapon) {heavy, rElec Str+5}
   (Okawaru gifted it to you on level 4 of the Lair of Beasts)

   Str:       It affects your strength (+5).
   rElec:     It insulates you from electricity.
 S - a +9 vampiric executioner's axe
 T - a +0 arbalest of flaming
Missiles
 d - 7 throwing nets
 e - 9 javelins (quivered)
 n - 6 datura-tipped darts
 B - 5 curare-tipped darts
 E - 11 atropa-tipped darts
 U - 9 silver javelins
Armour
 g - the +5 chain mail of Wu Jian's Displeasure (worn) {rF+ rCorr Str+5}
   (You found it on level 3 of the Lair of Beasts)

   Str:       It affects your strength (+5).
   rF:        It protects you from fire.
   rCorr:     It protects you from acid and corrosion.
 o - the +2 cloak "Deyz Oga" (worn) {rCorr Str+3}
   (You found it on level 3 of the Lair of Beasts)

   Str:       It affects your strength (+3).
   rCorr:     It protects you from acid and corrosion.
 p - the +2 pair of gloves of the Bagpipe (worn) {rElec rN+ MP-9}
   (Okawaru gifted it to you on level 3 of the Lair of Beasts)

   rElec:     It insulates you from electricity.
   rN:        It protects you from negative energy.
   MP:        It affects your magic capacity (-9).
 y - the +1 pair of boots of Suerchet (worn) {Dex+3 Slay+3}
   (You found it in an ice cave)

   Dex:       It affects your dexterity (+3).
   Slay:      It affects your accuracy & damage with ranged weapons and melee
   (+3).
 J - a +2 hat (worn)
Jewellery
 f - the amulet "Zinezoph" (around neck) {Acrobat Drain rPois Str+8}
   (You acquired it on level 2 of the Lair of Beasts)

   [amulet of the acrobat]

   It increases your evasion while moving and waiting.
   Str:       It affects your strength (+8).
   rPois:     It protects you from poison.
   Drain:     It drains your maximum health when unequipped.
 F - a ring of protection from cold (left hand)
 I - a +5 ring of evasion
 K - a +4 ring of protection
 Q - the ring "Noafanwu" (right hand) {Fly Str+3 Int+6}
   (You acquired it on level 15 of the Dungeon)

   [ring of intelligence]

   Str:       It affects your strength (+3).
   Int:       It affects your intelligence (+6).
   Fly:       It grants you flight.
 V - a +4 ring of protection
Wands
 t - a wand of mindburst (9)
 x - a wand of quicksilver (9)
 H - a wand of digging (16)
 O - a wand of iceblast (38)
 R - a wand of polymorph (8)
Scrolls
 i - 11 scrolls of enchant armour
 k - 3 scrolls of silence
 l - 11 scrolls of fear
 u - 7 scrolls of magic mapping
 v - 8 scrolls of teleportation
 D - 12 scrolls of fog
 L - 3 scrolls of amnesia
 P - 4 scrolls of enchant weapon
Potions
 a - 2 potions of cancellation
 b - 5 potions of might
 c - 5 potions of berserk rage
 h - 7 potions of lignification
 j - a potion of magic
 m - 11 potions of curing
 q - 3 potions of invisibility
 r - 5 potions of resistance
 w - 6 potions of flight
 z - a potion of heal wounds
 A - 5 potions of ambrosia
 C - 5 potions of haste
 G - 4 potions of mutation
Miscellaneous
 Z - a lightning rod (4/4)


   Skills:
 - Level 24.0 Fighting
 - Level 24.0 Axes
 + Level 8.5 Ranged Weapons
 - Level 2.0 Throwing
 - Level 16.0 Armour
 - Level 8.0 Dodging
 - Level 1.1 Stealth
 - Level 10.0 Invocations
 - Level 2.0 Evocations


You had 17 spell levels left.
You didn't know any spells.
Your spell library contained the following spells:

 Spells                   Type           Power      Damage    Failure   Level
 Apportation              Tloc           0%         N/A       58%         1
 Beastly Appendage        Tmut           0%         N/A       58%         1
 Freeze                   Ice            0%         1d3       58%         1
 Necrotise                Necr           0%         1d4       58%         1
 Slow                     Hex            0%         N/A       58%         1
 Summon Small Mammal      Summ           0%         N/A       58%         1
 Blink                    Tloc           0%         N/A       73%         2
 Static Discharge         Conj/Air       0%         2-2/arc   73%         2
 Sublimation of Blood     Necr           0%         N/A       73%         2
 Wereblood                Tmut           0%         N/A       73%         2
 Frozen Ramparts          Ice            0%         1d1       91%         3
 Gell's Gravitas          Tloc           0%         N/A       91%         3
 Hailstorm                Conj/Ice       0%         3d3       91%         3
 Inner Flame              Hex/Fire       0%         N/A       91%         3
 Kindle Blastsparks       Fire/Tloc/Air  0%         2d10      91%         3
 Spider Form              Tmut/Pois      0%         N/A       91%         3
 Summon Guardian Golem    Hex/Summ       0%         N/A       91%         3
 Teleport Other           Tloc           0%         N/A       91%         3
 Vhi's Electric Charge    Tloc/Air       0%         N/A       91%         3
 Animate Dead             Necr           0%         N/A       100%        4
 Fulminant Prism          Conj/Hex       0%         3d5       100%        4
 Iskenderun's Mystic Bla  Conj/Tloc      0%         2d3       100%        4
 Passage of Golubria      Tloc           0%         N/A       100%        4
 Alistair's Intoxication  Tmut/Pois      0%         N/A       100%        5
 Arcjolt                  Conj/Air       0%         1d10      100%        5
 Blade Hands              Tmut           0%         N/A       100%        5
 Borgnjor's Vile Clutch   Necr/Erth      0%         N/A       100%        5
 Irradiate                Conj/Tmut      0%         3d11      100%        5
 Iskenderun's Battlesphe  Conj           0%         2d6       100%        5
 Lee's Rapid Deconstruct  Erth           0%         3d4*      100%        5
 Lightning Bolt           Conj/Air       0%         1d11      100%        5
 Silence                  Hex/Air        0%         N/A       100%        5
 Death Channel            Necr           0%         N/A       100%        6
 Dispersal                Tloc           0%         N/A       100%        6
 Iron Shot                Conj/Erth      0%         9d1       100%        6
 Dragon Form              Tmut           0%         N/A       100%        7
 Malign Gateway           Summ/Tloc      0%         N/A       100%        7
 Spellforged Servitor     Conj/Summ      0%         N/A       100%        7
 Summon Hydra             Summ           0%         N/A       100%        7
 Lehudib's Crystal Spear  Conj/Erth      0%         10d2      100%        8


Dungeon Overview and Level Annotations

Branches:
Dungeon (15/15)            Temple (1/1) D:4            Lair (5/5) D:11
  Swamp (3/4) Lair:3        Snake (4/4) Lair:2        Slime (0/5) Lair:4
    Orc (2/2) D:10            Elf (0/3) Orc:2        Vaults (0/5) D:14
 Depths (1/4) D:15        Ossuary (visited)          Bailey (visited)
  IceCv (visited)         Gauntlet (visited)

Altars:
Ashenzari
Cheibriados
Dithmenos
Elyvilon
Fedhas
Gozag
Hepliaklqana
Kikubaaqudgha
Makhleb
Nemelex Xobeh
Okawaru
Qazlal
Ru
Sif Muna
Trog
Uskayaw
Vehumet
Wu Jian
Xom
Yredelemnul
Zin
The Shining One
Jiyva

Shops:
D:2 *((   D:5 =   D:6 (   D:12 !   D:15 ?   Orc:2 ?(:(   Snake:1 :[
Snake:2 ?:   Snake:4 =:=

Portals:
Ziggurat: Depths:1

Annotations:
D:5 1 runed translucent door, Crazy Yiuf
Lair:4 exclusion: 3 oklob plants


Innate Abilities, Weirdness & Mutations

You have a pair of horns on your head.
You reflexively headbutt those who attack you in melee.
You sometimes lose your temper in combat.
Potions are less effective at restoring your health.


Message History

The black draconian hits you but does no damage.
The green draconian hits you from afar with a +0 glaive.
You are too injured to fight recklessly!
You are too injured to fight recklessly!
You are too injured to fight recklessly!
The deep elf master archer shoots an arrow.
The arrow hits you!
The deep elf master archer shoots an arrow.
The arrow completely misses you. The green draconian barely misses you.
You slash the deep elf master archer!
The deep elf master archer is moderately wounded.
You hit the black draconian but do no damage.
The deep elf master archer shoots an arrow.
The arrow hits you!!
* * * LOW HITPOINT WARNING * * *
The deep elf master archer shoots an arrow.
The arrow hits you!
* * * LOW HITPOINT WARNING * * *
The green draconian hits you but does no damage.
The black draconian barely misses you.
Your system partially rejects the healing.
You feel much better.
The deep elf master archer shoots an arrow.
The arrow hits you!!
* * * LOW HITPOINT WARNING * * *
The deep elf master archer shoots an arrow.
The arrow hits you.
* * * LOW HITPOINT WARNING * * *
The black draconian hits you with a +0 trident.
* * * LOW HITPOINT WARNING * * *
The green draconian hits you but does no damage.
Blink to where?
Press: ? - help, Dir - move target
As you read the scroll of blinking, it crumbles to dust.
The deep elf master archer shoots an arrow.
The arrow hits you.
* * * LOW HITPOINT WARNING * * *
The deep elf master archer shoots an arrow.
The arrow hits you!
You die...

#......d.......#
#......d#e...#...
#.......§#.##....
#.#####[[#.......
#.#≈≈≈#...#....##
#.#≈≈≈#...#..##
#.#≈≈≈#....##.
#.#####........
#.....@....##
#..........#
#######+...#
....# #.... ...#
... #.#........
#^.......


You could see a black draconian and a deep elf master archer.

Vanquished Creatures
  Nikola (Snake:4)
  A tentacled monstrosity (Swamp:3)
  2 liches (Depths:1)
  3 tentacled starspawn
  Agnes (D:14)
  Donald (Snake:3)
  A fenstrider witch (Swamp:2)
  2 azure jellies (IceCv)
  A fire giant (D:15)
  4 nagarajas (Snake:4)
  Louise (D:14)
  An angel (Abyss:2)
  2 quicksilver oozes (IceCv)
  3 orc warlords
  A stone giant (Depths:1)
  2 very ugly things
  2 black draconians (Depths:1)
  2 eleionomae (Swamp:3)
  A spark wasp (shapeshifter) (D:10)
  The ghost of gorillaNest the Eclecticist, a journeyman DEFE of Vehumet (Swamp:2)
  7 bunyips
  A purple draconian (Abyss:3)
  A minotaur (Gauntlet)
  Snorg (Lair:5)
  A merfolk impaler (Depths:1)
  6 vault guards
  3 fire dragons
  Fannar (D:10)
  2 salamander tyrants (Snake:4)
  A rakshasa (Abyss:3)
  The ghost of gyole the Fighter, a journeyman DjHW of the Shining One (D:9)
  The ghost of Yzazo the Slicer, a journeyman DsCA of Ignis (Lair:1)
  8 hydras
  4 catoblepae
  A ghost crab (Lair:3)
  4 ogre magi
  Erolcha (D:13)
  8 boulder beetles
  15 anacondas
  6 two-headed ogres
  7 alligators
  11 naga warriors
  4 tengu warriors
  6 centaur warriors
  An orc high priest (Orc:1)
  A titan skeleton (D:15)
  A deep troll earth mage (Depths:1)
  3 thrashing horrors
  15 naga sharpshooters
  7 shock serpents
  A soul eater (Abyss:2)
  A titan zombie (D:15)
  2 deep elf knights
  4 skeletal warriors
  4 iron trolls (Depths:1)
  4 wretched stars
  A deep troll (Depths:1)
  A sea snake (Snake:1)
  A golden dragon zombie (D:15)
  A skyshark (Lair:3)
  2 glowing orange brains
  7 salamander mystics
  2 spectral catoblepas (Lair:3)
  5 swamp dragons
  A goliath frog (Swamp:3)
  7 naga ritualists
  A bog body (Swamp:3)
  2 spriggan druids
  A spectral hydra (Lair:3)
  4 orc knights
  2 deep elf archers (Depths:1)
  A phantasmal warrior (D:15)
  A necromancer (D:15)
  8 deep elf pyromancers
  6 starcursed masses
  A wolf spider (Lair:5)
  8 ugly things
  A deep elf zephyrmancer (Orc:1)
  4 manticores
  16 mana vipers
  12 orc sorcerers
  A will-o-the-wisp (Swamp:2)
  6 cyclopes
  5 elephants (Lair:4)
  21 salamanders
  44 black mambas
  Maurice (D:9)
  2 guardian serpents
  2 smoke demons
  23 naga magi
  4 orange demons (Abyss:2)
  An ice statue (IceCv)
  2 apocalypse crabs (Abyss:3)
  A demonic crawler (Abyss:2)
  A hellion (Abyss:3)
  An eye of devastation (Abyss:3)
  2 torpor snails
  15 cane toads
  Maggie (D:9)
  A kobold demonologist (D:14)
  3 rime drakes
  3 tengu conjurers
  An efreet (D:15)
  2 unseen horrors
  11 komodo dragons
  2 freezing wraiths (D:15)
  2 ancient zymes
  A guardian mummy (D:15)
  A polar bear (Lair:5)
  8 hornets
  8 trolls
  3 meliai (D:13)
  2 hellwings (Abyss:2)
  Prince Ribbit (Bailey)
  5 tyrant leeches
  6 raiju
  18 blink frogs
  7 dream sheep (Lair:4)
  6 slime creatures (IceCv)
  4 wraiths
  9 flying skulls (Gauntlet)
  2 shadows
  13 wyverns
  31 yaks
  5 spriggans (Swamp:1)
  2 ynoxinuls (Abyss:2)
  6 large abominations
  A vampire (D:12)
  2 steam dragons (Lair:5)
  2 water elementals (Depths:1)
  4 redbacks (Lair:5)
  3 basilisks
  6 humans (Bailey)
  20 vampire mosquitoes
  2 neqoxecs
  Menkaure (D:6)
  A spectral cane toad (Lair:3)
  5 wargs
  36 nagas
  9 swamp worms
  28 water moccasins
  9 acid dragons
  A glowing shapeshifter skeleton (D:15)
  20 orc warriors
  2 swamp drakes (Lair:5)
  An ice beast (D:7)
  2 sky beasts (D:7)
  3 great orb of eyes simulacra (IceCv)
  2 black bears
  13 ogres
  9 wolves (Lair:2)
  15 centaurs
  3 kobold brigands
  A phantom (D:6)
  Blork the orc (D:5)
  2 slime creature simulacra (IceCv)
  21 bullfrogs
  4 necrophages
  2 gnoll sergeants
  7 glowing shapeshifter simulacra (IceCv)
  3 scorpions
  8 wights
  7 small abominations
  12 killer bees
  6 howler monkeys
  7 electric eels
  2 lava snakes (Lair:2)
  3 hounds
  A jelly (D:8)
  2 iron imps (Abyss:2)
  7 orc priests
  A human zombie (Ossuary)
  7 iguanas
  2 gnoll boudas
  Natasha (thrice) (D:2)
  38 orc wizards
  3 shapeshifter simulacra (IceCv)
  5 mummies
  10 adders
  24 gnolls
  2 shadow imps (D:7)
  6 white imps
  4 ufetubi
  2 adder zombies (Ossuary)
  2 worms
  3 dart slugs
  80 orcs
  9 bats
  4 endoplasms
  3 giant cockroaches
  A gnoll zombie (Ossuary)
  4 goblins
  5 hobgoblins
  2 jackals (D:4)
  4 ball pythons
  2 frilled lizards (D:2)
  2 hobgoblin zombies (Ossuary)
  20 kobolds
  2 kobold zombies
  4 orc zombies
  4 rats
  2 rat zombies (Ossuary)
  2 starspawn tentacles
1128 creatures vanquished.

Vanquished Creatures (others)
  A bloated husk (Swamp:3)
  A basilisk (Lair:5)
  A centaur (Depths:1)
  2 bullfrogs (D:7)
  A starcursed mass (Abyss:2)
  2 orc wizards (Orc:2)
  22 demonic plants (Gauntlet)
  10 foxfires (Swamp:2)
  25 fungi
  68 plants
  10 starspawn tentacles
  10 withered plants
153 creatures vanquished.

Grand Total: 1281 creatures vanquished

Notes
Turn   | Place    | Note
-------+----------+-------------------------------------------
     0 | D:1      | Moufas the Minotaur Gladiator began the quest for the Orb.
     0 | D:1      | Reached XP level 1. HP: 18/18 MP: 0/0
   191 | D:1      | Reached XP level 2. HP: 24/25 MP: 1/1
   341 | D:1      | Reached skill level 1 in Armour
   785 | D:2      | Found Diuge's Antique Weapon Emporium.
   817 | D:2      | Reached XP level 3. HP: 25/30 MP: 2/2
   870 | D:2      | Found Yqoryx's Antique Weapon Shoppe.
  1037 | D:2      | Noticed Natasha
  1044 | D:2      | Killed Natasha
  1045 | D:2      | Reached XP level 4. HP: 15/38 MP: 3/3
  1165 | D:2      | Noticed Natasha
  1171 | D:2      | Killed Natasha
  1172 | D:2      | Reached skill level 5 in Axes
  1176 | D:2      | Noticed Natasha
  1191 | D:2      | Killed Natasha
  1283 | D:2      | Found Fudoes's General Store.
  1378 | D:2      | Reached XP level 5. HP: 46/46 MP: 4/4
  2077 | D:4      | Reached XP level 6. HP: 41/52 MP: 5/5
  2271 | D:4      | Found a staircase to the Ecumenical Temple.
  2319 | Temple   | Entered the Ecumenical Temple
  2517 | Temple   | Became a worshipper of Warmaster Okawaru
  2750 | D:5      | Entered Level 5 of the Dungeon
  2750 | D:5      | Noticed Blork the orc
  2760 | D:5      | Killed Blork the orc
  3189 | D:5      | Reached XP level 7. HP: 60/60 MP: 6/6
  3198 | D:5      | Reached * piety under Okawaru
  3672 | D:5      | Reached skill level 5 in Fighting
  3674 | D:5      | Reached skill level 5 in Armour
  4046 | D:5      | Found Woacs's Jewellery Boutique.
  4201 | D:5      | Found a runed translucent door.
  4202 | D:5      | Noticed Crazy Yiuf
  4467 | D:6      | Noticed Menkaure
  4482 | D:6      | Killed Menkaure
  4483 | D:6      | Reached XP level 8. HP: 19/69 MP: 7/7
  4716 | D:6      | Reached ** piety under Okawaru
  5231 | D:6      | Found Jothrutoo's Weapon Shoppe.
  5320 | D:7      | Found a blossoming altar of Fedhas.
  5478 | D:7      | Reached skill level 1 in Stealth
  5482 | D:7      | Reached skill level 10 in Axes
  5482 | D:7      | Reached XP level 9. HP: 51/78 MP: 8/8
  5504 | D:7      | Reached *** piety under Okawaru
  5536 | D:7      | Found a shimmering altar of Xom.
  5613 | D:7      | Found a sand-covered staircase.
  5655 | Ossuary  | Entered an ossuary
  6285 | D:7      | Reached **** piety under Okawaru
  6387 | D:7      | You fall into a shaft and drop 2 floors!
  6549 | D:9      | Noticed a cyclops
  6768 | D:9      | Noticed a catoblepas
  6780 | D:9      | Found a transporter.
  6785 | D:9      | Noticed a centaur warrior
  6785 | D:9      | Noticed a fire dragon
  6800 | D:9      | Found a shadowy altar of Dithmenos.
  6813 | D:9      | Noticed a troll
  6827 | D:9      | Killed a troll
  6858 | D:9      | Reached XP level 10. HP: 86/88 MP: 9/9
  6883 | D:9      | Noticed Maurice
  6908 | D:9      | Killed Maurice
  6929 | D:9      | Noticed Maggie
  6941 | D:9      | Killed Maggie
  7084 | D:9      | Noticed a two-headed ogre
  7100 | D:9      | Found a transporter.
  7145 | D:9      | Noticed gyole's ghost (journeyman DjHW)
  7550 | D:8      | Reached ***** piety under Okawaru
  8768 | D:9      | Reached skill level 10 in Armour
  8768 | D:9      | Reached skill level 1 in Invocations
  9005 | D:10     | Entered Level 10 of the Dungeon
  9103 | D:10     | Found a flagged portal.
  9121 | Bailey   | Entered a bailey
  9164 | Bailey   | Received a gift from Okawaru
  9450 | Bailey   | Noticed Prince Ribbit
  9450 | Bailey   | Noticed a vault guard
  9465 | Bailey   | Killed a vault guard
  9465 | Bailey   | Identified the +2 battleaxe "Hellblazer" {pain, Dex+2}
                  | (Okawaru gifted it to you in a bailey)
  9465 | Bailey   | Received a gift from Okawaru
  9466 | Bailey   | Reached skill level 10 in Fighting
  9466 | Bailey   | Reached XP level 11. HP: 76/99 MP: 11/11
  9475 | Bailey   | Killed Prince Ribbit
  9569 | Bailey   | Noticed a vault guard
  9579 | Bailey   | Killed a vault guard
  9580 | Bailey   | Reached skill level 15 in Axes
  9883 | D:10     | Found a transporter.
  9889 | D:10     | Found a shimmering blue altar of Sif Muna.
  9891 | D:10     | Found an ornate altar of the Wu Jian Council.
  9891 | D:10     | Found a transporter.
  9891 | D:10     | Noticed an ogre mage
  9892 | D:10     | Found a radiant altar of Vehumet.
  9892 | D:10     | Noticed an ogre mage
 10111 | D:10     | Noticed Fannar
 10128 | D:10     | Killed Fannar
 10128 | D:10     | Identified the +1 pair of boots "Teirhe" {Harm Fly Int+3
                  | Dex-5} (Okawaru gifted it to you on level 10 of the
                  | Dungeon)
 10128 | D:10     | Received a gift from Okawaru
 10129 | D:10     | Reached skill level 1 in Evocations
 10219 | D:10     | Found a staircase to the Orcish Mines.
 10292 | D:10     | Noticed a two-headed ogre
 10305 | D:10     | Killed a two-headed ogre
 10326 | D:10     | Noticed a boulder beetle
 10353 | D:10     | a boulder beetle changed into something unseen
 10366 | D:10     | Noticed a fire dragon
 10406 | D:10     | a fire dragon changed into a wolf spider
 10406 | D:10     | Noticed a wolf spider (shapeshifter)
 10914 | D:10     | a jumping spider changed into a swamp dragon
 10914 | D:10     | Noticed a swamp dragon (shapeshifter)
 10918 | D:10     | a swamp dragon changed into a wolf spider
 10918 | D:10     | Noticed a wolf spider (shapeshifter)
 11118 | D:11     | Noticed a boulder beetle
 11131 | D:11     | Killed a boulder beetle
 11178 | D:11     | Found a staircase to the Lair.
 11220 | D:11     | Noticed a deep elf pyromancer
 11245 | D:11     | Killed a deep elf pyromancer
 11245 | D:11     | Reached ****** piety under Okawaru
 11368 | D:11     | Noticed a two-headed ogre
 11369 | D:11     | Noticed a skeletal warrior
 11369 | D:11     | Noticed a skeletal warrior
 11369 | D:11     | Noticed a skeletal warrior
 11425 | Lair:1   | Entered Level 1 of the Lair of Beasts
 11468 | Lair:1   | Reached XP level 12. HP: 87/111 MP: 11/13
 11636 | Lair:1   | Found a large runed translucent door.
 11636 | Lair:1   | Found a large runed translucent door.
 11639 | Lair:1   | Noticed Yzazo's ghost (journeyman DsCA)
 12277 | Lair:2   | Found a gate leading to a gauntlet.
 12286 | Gauntlet | Entered a Gauntlet
 12286 | Gauntlet | Found a transporter.
 12286 | Gauntlet | Found a transporter.
 12312 | Gauntlet | Noticed a tengu warrior
 12319 | Gauntlet | Found a transporter.
 12321 | Gauntlet | Found a transporter.
 12329 | Gauntlet | Found a transporter.
 12339 | Gauntlet | Found a transporter.
 12342 | Gauntlet | Found a transporter.
 12348 | Gauntlet | Found a transporter.
 12369 | Gauntlet | Found a transporter.
 12378 | Gauntlet | Found a transporter.
 12398 | Gauntlet | Found a transporter.
 12420 | Gauntlet | Found a transporter.
 12466 | Gauntlet | Found a transporter.
 12482 | Gauntlet | Found a transporter.
 12582 | Gauntlet | Found a transporter.
 12598 | Gauntlet | Found a transporter.
 12869 | Gauntlet | Killed a tengu warrior
 12869 | Gauntlet | Received a gift from Okawaru
 13217 | Gauntlet | Identified the +6 flail of the Cursing Tiger {elec, rN+
                  | Stlth+}
 13217 | Gauntlet | Noticed a minotaur
 13225 | Gauntlet | Killed a minotaur
 13246 | Gauntlet | Identified the +1 ring mail "Hoifecs" {rF+ rN+ rCorr Int-2}
 13253 | Gauntlet | Got the Cyclopedia of Malisons
 13256 | Gauntlet | Got the Directory of the Map
 13365 | Lair:2   | Noticed a catoblepas
 13370 | Lair:2   | Received a gift from Okawaru
 13397 | Lair:2   | Killed a catoblepas
 13414 | Lair:2   | Reached skill level 5 in Invocations
 13901 | Lair:2   | Found a staircase to the Snake Pit.
 14001 | Lair:2   | Identified 2 scrolls of acquirement
 14001 | Lair:2   | Acquired the amulet "Zinezoph" {Acrobat Drain rPois Str+8}
 14225 | Lair:2   | Noticed a seven-headed hydra
 14239 | Lair:2   | Killed an 11-headed hydra
 14525 | Lair:2   | Received a gift from Okawaru
 14571 | Lair:2   | Reached XP level 13. HP: 114/119 MP: 15/15
 14782 | Lair:3   | Identified the +5 chain mail of Wu Jian's Displeasure {rF+
                  | rCorr Str+5}
 14810 | Lair:3   | Identified the +2 cloak "Deyz Oga" {rCorr Str+3}
 14836 | Lair:3   | Identified the +2 pair of gloves of the Bagpipe {rElec rN+
                  | MP-9} (Okawaru gifted it to you on level 3 of the Lair of
                  | Beasts)
 14836 | Lair:3   | Received a gift from Okawaru
 15637 | Lair:3   | Found a staircase to the Swamp.
 16065 | Lair:4   | Identified the +8 broad axe of Joyful Slaughter {heavy,
                  | rElec Str+5} (Okawaru gifted it to you on level 4 of the
                  | Lair of Beasts)
 16065 | Lair:4   | Received a gift from Okawaru
 16664 | Lair:4   | Found a viscous altar of Jiyva.
 16904 | Lair:4   | Found a staircase to the Slime Pits.
 16959 | Lair:5   | Entered Level 5 of the Lair of Beasts
 17176 | Lair:5   | Found a blossoming altar of Fedhas.
 17233 | Lair:5   | Identified the +4 chain mail of Eternity {rF+ SInv}
                  | (Okawaru gifted it to you on level 5 of the Lair of Beasts)
 17233 | Lair:5   | Received a gift from Okawaru
 17279 | Lair:5   | Noticed Snorg
 17286 | Lair:5   | Killed Snorg
 17384 | Lair:5   | Reached XP level 14. HP: 130/130 MP: 9/18
 18367 | Lair:1   | Killed Yzazo's ghost
 18510 | D:9      | Received a gift from Okawaru
 18524 | D:9      | Killed gyole's ghost
 18639 | D:10     | Received a gift from Okawaru
 18672 | D:10     | Identified the +4 scale mail of the Jolly Curses {rPois
                  | rF+}
 18761 | D:11     | Received a gift from Okawaru
 19350 | D:12     | Found a frozen archway.
 19356 | D:12     | Reached skill level 15 in Fighting
 19365 | IceCv    | Entered an ice cave
 19594 | IceCv    | Noticed a quicksilver ooze
 19599 | IceCv    | Killed a quicksilver ooze
 19672 | IceCv    | Noticed an azure jelly
 19676 | IceCv    | Noticed an azure jelly
 19676 | IceCv    | Noticed a quicksilver ooze
 19677 | IceCv    | Killed an azure jelly
 19678 | IceCv    | Found a viscous altar of Jiyva.
 19683 | IceCv    | Killed a quicksilver ooze
 19683 | IceCv    | Received a gift from Okawaru
 19683 | IceCv    | Killed an azure jelly
 19782 | IceCv    | Identified the +1 pair of boots of Suerchet {Dex+3 Slay+3}
 20042 | D:12     | Got the Omnibus of the Congregation and Orientation
 20309 | D:12     | Reached XP level 15. HP: 141/141 MP: 11/20
 20328 | D:12     | Found Ivviykur's Distillery.
 20334 | D:12     | Bought a potion of might for 64 gold pieces
 20866 | D:13     | Noticed Erolcha
 20878 | D:13     | Killed Erolcha
 21327 | Orc:1    | Entered Level 1 of the Orcish Mines
 21476 | Orc:1    | Identified the +1 plate armour "Esuluruk" {rElec} (Okawaru
                  | gifted it to you on level 1 of the Orcish Mines)
 21476 | Orc:1    | Received a gift from Okawaru
 21737 | Orc:2    | Entered Level 2 of the Orcish Mines
 22168 | Orc:2    | Found a staircase to the Elven Halls.
 22342 | Orc:2    | Found Picu's Book Emporium.
 22360 | Orc:2    | Found a radiant altar of Vehumet.
 22414 | Orc:2    | Found an ancient bone altar of Kikubaaqudgha.
 22467 | Orc:2    | Found Daan's Magic Scroll Emporium.
 22479 | Orc:2    | Found Zirof's Antique Weapon Shoppe.
 22483 | Orc:2    | Paralysed by an orc sorcerer for 3 turns
 22487 | Orc:2    | Found Dauckevibb's Antique Weapon Shoppe.
 22491 | Orc:2    | Gained mutation: You sometimes lose your temper in combat.
                  | [a neqoxec]
 22741 | Snake:1  | Entered Level 1 of the Snake Pit
 22844 | Snake:1  | You fall into a shaft and drop 1 floor!
 22917 | Snake:1  | Found Wewiusai's Armour Boutique.
 22992 | Snake:1  | Received a gift from Okawaru
 23008 | Snake:1  | Received a gift from Okawaru
 23631 | Snake:1  | Found Lisocyid's Book Shoppe.
 24005 | Snake:2  | Received a gift from Okawaru
 24008 | Snake:2  | Reached XP level 16. HP: 155/157 MP: 9/21
 24116 | Snake:2  | Received a gift from Okawaru
 24491 | Snake:2  | Found Ohuom's Vocational Training.
 24610 | Snake:2  | Found Rir Leqa's Magic Scroll Shop.
 24739 | Snake:2  | Reached skill level 5 in Dodging
 25483 | Snake:3  | Noticed Donald
 25495 | Snake:3  | Killed Donald
 26259 | Snake:4  | Entered Level 4 of the Snake Pit
 26266 | Snake:4  | Received a gift from Okawaru
 26770 | Snake:4  | Identified the +7 battleaxe "Lecleik" {freeze, rC+ Will+}
                  | (Okawaru gifted it to you on level 4 of the Snake Pit)
 26770 | Snake:4  | Received a gift from Okawaru
 26889 | Snake:4  | Reached skill level 15 in Armour
 26900 | Snake:4  | Reached XP level 17. HP: 97/172 MP: 13/22
 26912 | Snake:4  | Noticed Nikola
 26971 | Snake:4  | Received a gift from Okawaru
 27342 | Snake:4  | Killed Nikola
 27678 | Snake:4  | Got a serpentine rune of Zot
 27878 | Snake:4  | Found Baiketop's Jewellery Boutique.
 27878 | Snake:4  | Found Isur's Book Shoppe.
 27879 | Snake:4  | Found Nemuyhir's Jewellery Boutique.
 28288 | D:14     | Noticed Louise
 28290 | D:14     | Found a gate to the Vaults.
 28292 | Abyss:2  | Cast into level 2 of the Abyss (Louise)
 28469 | Abyss:2  | Found a hazy altar of Hepliaklqana.
 28572 | Abyss:2  | Gained mutation: Potions are less effective at restoring
                  | your health. [a neqoxec]
 28871 | D:14     | Escaped the Abyss
 28897 | Abyss:3  | Cast into level 3 of the Abyss (Louise)
 29041 | Abyss:3  | Identified the +3 battleaxe "Hujetown" {heavy, rC+ Will+
                  | Str+2} (Okawaru gifted it to you on level 3 of the Abyss)
 29041 | Abyss:3  | Received a gift from Okawaru
 29062 | Abyss:3  | Noticed a hellephant
 29126 | Abyss:3  | Found a corrupted altar of Lugonu.
 29210 | Abyss:3  | Found a corrupted altar of Lugonu.
 29220 | Abyss:3  | Paralysed by accursed screaming for 1 turns
 29225 | D:14     | Escaped the Abyss
 29249 | D:14     | Killed Louise
 29546 | D:14     | Identified the +2 buckler "Himiungy" {rElec rN+ Dex-4}
                  | (Okawaru gifted it to you on level 14 of the Dungeon)
 29546 | D:14     | Received a gift from Okawaru
 29678 | D:14     | Found an iron altar of Okawaru.
 29943 | D:14     | Noticed Agnes
 29952 | D:14     | Killed Agnes
 29953 | D:14     | Reached XP level 18. HP: 187/187 MP: 10/24
 30052 | D:15     | Entered Level 15 of the Dungeon
 30280 | D:15     | Found a staircase to the Depths.
 30298 | D:15     | Reached skill level 10 in Invocations
 30309 | D:15     | Found Vuipofov's Magic Scroll Emporium.
 30462 | D:15     | Bought a scroll of enchant armour for 112 gold pieces
 30462 | D:15     | Bought a scroll of fear for 60 gold pieces
 30677 | D:15     | Found a runed translucent door.
 30807 | D:15     | Acquired the ring "Noafanwu" {Fly Str+3 Int+6}
 30812 | D:15     | Acquired a manual of Stealth
 31026 | Swamp:1  | Entered Level 1 of the Swamp
 31772 | Swamp:2  | Reached skill level 1 in Ranged Weapons
 31927 | Swamp:2  | Found a runed translucent door.
 31935 | Swamp:2  | Noticed gorillaNest's ghost (journeyman DEFE)
 32300 | Swamp:2  | Killed gorillaNest's ghost
 32367 | Swamp:3  | Noticed a tentacled monstrosity
 32373 | Swamp:3  | Killed a tentacled monstrosity
 32400 | Swamp:3  | Received a gift from Okawaru
 32418 | Swamp:3  | Reached skill level 5 in Ranged Weapons
 32567 | Swamp:3  | Identified the +1 leather armour of Waneal Pium {-Cast
                  | +Blink Regen+ Str+2}
 32576 | Swamp:3  | Received a gift from Okawaru
 33298 | Temple   | Fell from the grace of Okawaru
 33298 | Temple   | Became a worshipper of the Shining One
 33613 | Depths:1 | Entered Level 1 of the Depths
 33621 | Depths:1 | Found a one-way gateway to a ziggurat.
 33688 | Depths:1 | Noticed a lich
 33694 | Depths:1 | Killed a lich
 34022 | Depths:1 | Noticed a lich
 34032 | Depths:1 | Killed a lich
 34177 | Depths:1 | HP: 9/190 [black draconian/+0 trident[the fury of Okawaru]
                  | (1)]
 34178 | Depths:1 | Shot with an arrow by a deep elf master archer

Illustrated notes

Levels and vault maps discovered:
D:1:      saegor_arrival_simple_d, layout_basic
D:2:      layout_rooms, serial_shops,
          nicolae_shop_temple_entry_statues_fountains, nicolae_shop_statue_plus,
          shop_statue, uniq_natasha
D:3:      layout_basic, minivault_23
D:4:      wad_pebble_path, layout_cave_pools, temple_pool_b
D:5:      layout_loops_corners, serial_shops, shop, uniq_crazy_yiuf_cottage,
          uniq_blork_the_orc
D:6:      kennysheep_six_static_rooms, layout_rooms, serial_shops,
          nicolae_diamond_shop, kennysheep_generic_room_5, uniq_menkaure
D:7:      layout_basic, fedhas_altar_3, xom_confusion_cloud,
          nicolae_ossuary_entry_giza, bh_walls_and_bars
D:8:      layout_gridville
D:9:      layout_basic, kennysheep_mini, nzn_ghost_randoct, uniq_maurice,
          uniq_maggie
D:10:     layout_roguey, gammafunk_temple_overflow_arena, enter_bailey_2,
          nooodl_orcs_dogs, uniq_fannar
D:11:     layout_roguey, dpeg_oklobed_lair, dreamdust_princess_corridor
D:12:     layout_basic, serial_shops, shop, portal_ice_cave_entry_pillars_2
D:13:     layout_basic, uniq_erolcha
D:14:     layout_loops_cross, lightli_vaults_fourway_checkpoint,
          lemuel_crystal_altar, uniq_agnes, uniq_louise
D:15:     gammafunk_depths_entry_grave, layout_rooms, serial_shops, shop,
          fountainhead, lightli_airlock
Temple:   nicolae_temple_bog_church
Lair:1:   layout_gridlike, serial_rivers, chequers_serial_rivers_micro_b,
          chequers_serial_rivers_micro_a, chequers_serial_rivers_micro_d,
          chequers_serial_rivers_small_b, chequers_serial_rivers_small_b,
          ebering_ghost_disaster_area, pdpol_lair_neglected_garden,
          lemuel_fruit_fields, lemuel_fruit_tree
Lair:2:   layout_regular_city, nicolae_snake_entry_warm_welcome,
          gauntlet_entry_generic
Lair:3:   layout_chaotic_city, nicolae_swamp_entry_spooky,
          small_statue_intersection
Lair:4:   layout_gridlike, minmay_slime_entry_oklob_open
Lair:5:   guppyfry_lair_end_dragon, layout_regular_city,
          hangedman_lair_tendril_chambers, basic_altar, uniq_snorg
Swamp:1:  layout_basic_swamp, evilmike_swamp_ruin_house_5, swamp_pool1,
          nicolae_swamp_stuck_in_the_mud
Swamp:2:  layout_basic_swamp, hellmonk_ghost_happy_afterlife,
          evilmike_swamp_ruin_rubble_2
Swamp:3:  layout_falls_marsh, evilmike_swamp_ruin_wall
Snake:1:  cheibrodos_forgotten_conduit, layout_basic, serial_shops, shop,
          nicolae_shop_advertising_works [nicolae_subvault_shop_adworks],
          grunt_megastairs_2
Snake:2:  layout_layer_cave, serial_shops, shop, nicolae_shop_vocational,
          grunt_megastairs_5
Snake:3:  layout_gridlike, uniq_donald
Snake:4:  snake_pit, layout_cave_town, minmay_shop_grove, uniq_nikola
Orc:1:    layout_diamond_mine, elf_legates
Orc:2:    kennysheep_orc_mage_school, layout_diamond_mine, lightli_orcish_oven
Depths:1: layout_gridlike, enter_ziggurat_b, grunt_hell_entry_dis_mu,
          ebering_dispersal_statue_hall, interstate_on_off,
          serial_sigils_hangedman_quiver, minmay_misc_feat_alley,
          serial_sigils_hangedman_confine

Skill      XL: |  1  2  3  4  5  6  7  8  9 10 11 12 13 14 15 16 17 18 |
---------------+-------------------------------------------------------+-----
Armour         | 1 2 3 4 5 7 8 10 11 12 15 16 | 16.0
Axes           | 4 5 7 8 10 12 14 17 18 20 22 24 | 24.0
Fighting       | 3 4 5 6 8 10 11 12 13 15 18 20 22 24 | 24.0
Dodging        | 4 5 8 |  8.0
Stealth        | 1 |  1.1
Invocations    | 2 5 6 8 9 10 | 10.0
Evocations     | 1 2 |  2.0
Ranged Weapons | 8 |  8.5
Throwing       | |  2.0

Action                     |  1- 3 |  4- 6 |  7- 9 | 10-12 | 13-15 | 16-18 || total
---------------------------+-------+-------+-------+-------+-------+-------++-------
  Melee: War axe           |    52 |   123 |   301 |   209 |       |       ||   685
         Headbutt          |     9 |    23 |    57 |   133 |   115 |   174 ||   511
         Punch             |       |       |     3 |     1 |       |     2 ||     6
         Hand axe          |       |       |       |    12 |       |       ||    12
         Battleaxe         |       |       |       |   259 |       |       ||   259
         Executioner's axe |       |       |       |   103 |   688 |   777 ||  1568
         Broad axe         |       |       |       |       |       |    44 ||    44
  Throw: Dart              |       |     2 |     6 |    31 |       |       ||    39
         Throwing net      |       |       |     1 |     1 |       |       ||     2
         Javelin           |       |       |       |     3 |       |       ||     3
 Invoke: Heroism           |       |       |     1 |     3 |     5 |     6 ||    15
  Evoke: Wand              |       |       |     4 |     1 |     3 |     2 ||    10
    Use: Potion            |       |       |     1 |     4 |       |     5 ||    10
         Scroll            |       |       |       |    31 |    11 |     9 ||    51
   Stab: Petrified         |       |       |       |     2 |       |     9 ||    11
         Petrifying        |       |       |       |       |       |     2 ||     2
 Armour: Leather armour    |     3 |       |       |       |       |       ||     3
         Chain mail        |    31 |    83 |    87 |       |   392 |   452 ||  1045
         Plate armour      |       |       |    30 |   298 |       |       ||   328
  Dodge: Dodged            |    38 |    72 |   207 |   324 |   489 |   639 ||  1769

Table legend: (Time is in decaauts)
 A = Elapsed time spent in this place.
 B = Non-inter-level travel time spent in this place.
 C = Inter-level travel time spent in this place.
 D = Time resting spent in this place.
 E = Time spent auto-exploring this place.
 F = Levels seen in this place.
 G = Mean time per level.
                   A        B        C        D        E       F      G
               +--------+--------+--------+--------+--------+-----+--------+
         Total |  34149 |  31125 |   3024 |   3400 |  21051 |  37 |  922.9 |
       Dungeon |  15135 |  13516 |   1619 |    794 |  10176 |  15 | 1009.0 |
        Temple |    253 |    207 |     46 |      0 |    161 |   1 |  253.0 |
          Lair |   6337 |   5698 |    639 |    672 |   4029 |   5 | 1267.4 |
         Swamp |   1941 |   1766 |    175 |    155 |   1324 |   3 |  647.0 |
     Snake Pit |   5382 |   4986 |    396 |    857 |   3165 |   4 | 1345.5 |
  Orcish Mines |   1274 |   1127 |    147 |      7 |    836 |   2 |  637.0 |
        Depths |    564 |    564 |      0 |    350 |    122 |   1 |  564.0 |
         Abyss |    885 |    885 |      0 |    200 |     85 |   2 |  442.5 |
       Ossuary |    196 |    196 |      0 |      0 |    112 |   1 |  196.0 |
        Bailey |    683 |    683 |      0 |    188 |    344 |   1 |  683.0 |
      Ice Cave |    513 |    513 |      0 |     99 |    194 |   1 |  513.0 |
      Gauntlet |    980 |    980 |      0 |     78 |    502 |   1 |  980.0 |
               +--------+--------+--------+--------+--------+-----+--------+

Top non-repeatable levels by time:
 Snake:4: 1760 daAuts
  Lair:2: 1759 daAuts
     D:5: 1645 daAuts
 Snake:2: 1495 daAuts
    D:10: 1438 daAuts
     D:9: 1420 daAuts
  Lair:3: 1344 daAuts
  Lair:5: 1330 daAuts
    D:11: 1299 daAuts
 Snake:1: 1277 daAuts
     D:7: 1245 daAuts
     D:8: 1123 daAuts
     D:6: 1058 daAuts
Gauntlet: 980 daAuts
  Lair:4: 963 daAuts
